 Dungeon Sprint DCSS version 0.30-a0-949-g53dc5368d7 (webtiles) character file.

Game seed: 5548753375897793312

1418 PLAYERX the Fencer (level 8, -14/93 HPs)
             Began as a Minotaur Monk on Mar 27, 2023.
             Was an Elder of Okawaru.
             Demolished by a two-headed ogre
             ... wielding a +0 giant club
              (24 damage)
             ... in the Dungeon (Sprint IX: "|||||||||||||||||||||||||||||").
             The game lasted 00:07:22 (306 turns).

PLAYERX the Fencer (Minotaur Monk)                   Turns: 306, Time: 00:07:23

Health: -14/93     AC: 11    Str: 20    XL:     8   Next: 43%
Magic:  7/7        EV:  7    Int:  7    God:    Okawaru [****..]
Gold:   0          SH:  0    Dex: 14    Spells: 7/7 levels left

rFire   . . .      SeeInvis .    a - +2 scimitar (heavy)
rCold   . . .      Faith    .    (no shield)
rNeg    . . .      Spirit   .    b - +0 plate armour
rPois   .          Reflect  .    (helmet restricted)
rElec   .          Rampage  .    j - +0 cloak
rCorr   .          NoTele   +    (no gloves)
Will    .....                    (no boots) Stlth
                                 (no amulet)
HPRegen 0.35/turn                l - +3 ring of strength
MPRegen 0.10/turn                (no ring)

@: no status effects
A: horns 2, retaliatory headbutt
a: Renounce Religion, Heroism, Finesse


You were in the Dungeon.
You worshipped Okawaru.
Okawaru was greatly pleased with you.
You visited 1 branch

Inventory:

Hand Weapons
 a - a +2 heavy scimitar (weapon)
Armour
 b - a +0 plate armour (worn)
 j - a +0 cloak (worn)
Jewellery
 l - a +3 ring of strength (left hand)
Wands
 k - a wand of iceblast (9)
Scrolls
 i - 2 scrolls of blinking
Potions
 c - a potion of ambrosia
 d - 5 potions of curing
 f - a potion of haste
 g - 4 potions of magic
 h - a potion of invisibility


   Skills:
 + Level 15.9 Fighting
 + Level 15.9 Long Blades
 - Level 4.1 Dodging
 - Level 1.6 Stealth


You had 7 spell levels left.
You didn't know any spells.
Your spell library was empty.

Dungeon Overview and Level Annotations

Branches:
Dungeon (1/1)

Altars:
Cheibriados
Dithmenos
Elyvilon
Fedhas
Gozag
Hepliaklqana
Kikubaaqudgha
Makhleb
Nemelex Xobeh
Okawaru
Qazlal
Ru
Sif Muna
Trog
Uskayaw
Vehumet
Wu Jian
Xom
Yredelemnul
Zin
The Shining One
Jiyva
Lugonu


Innate Abilities, Weirdness & Mutations

You have a pair of horns on your head.
You reflexively headbutt those who attack you in melee.


Message History

The iceblast engulfs the centaur warrior!
The centaur warrior is lightly wounded.
The iceblast engulfs the acid dragon!
The acid dragon is moderately wounded.
Unknown command.
You slice the centaur warrior!! You headbutt the centaur warrior!
The centaur warrior is almost dead.
The centaur warrior unwields a +0 longbow.
The centaur warrior completely misses you.
The centaur warrior kicks you but does no damage.
You slice the centaur warrior!!
You kill the centaur warrior!
Okawaru is honoured by your kill.
You can now speed up your combat.
Your Fighting skill increases to level 15!
Your Long Blades skill increases to level 15!
You have reached level 8!
You feel agile.
Unknown command.
You hit the acid dragon.
The acid dragon is moderately wounded.
The acid dragon bites you but does no damage.
The acid dragon claws you but does no damage.
You barely miss the acid dragon. You punch the acid dragon.
The acid dragon is heavily wounded.
The acid dragon barely misses you. You furiously retaliate!
You headbutt the acid dragon. The acid dragon closely misses you.
You slash the acid dragon!
You kill the acid dragon!
Okawaru accepts your kill.
The acid dragon scales are intact enough to wear.
You dice the two-headed ogre like an onion!!!
The two-headed ogre is severely wounded.
The two-headed ogre hits you with a +0 giant club!
* * * LOW HITPOINT WARNING * * *
The two-headed ogre hits you with a +0 giant club!!
* * * LOW HITPOINT WARNING * * *
You hit the two-headed ogre but do no damage.
The two-headed ogre is severely wounded.
The two-headed ogre hits you with a +0 giant club!!
You die...

▓.▓
▓.▓
▓.▓
▓c▓
▓c▓
▓C▓
▓O▓
▓@▓
▓.▓
▓.▓
▓.▓
▓.▓
▓[▓
▓)▓
▓=▓
▓.▓


You could see 2 centaur warriors, a two-headed ogre and a cyclops.

Vanquished Creatures
  A centaur warrior (D)
  A komodo dragon (D)
  A yak (D)
  2 acid dragons (D)
  A centaur (D)
  A phantom (D)
  A howler monkey (D)
  A hound (D)
  An orc wizard (D)
  An adder (D)
  An ufetubus (D)
  An endoplasm (D)
  A giant cockroach (D)
  A goblin (D)
  A hobgoblin (D)
  A ball python (D)
17 creatures vanquished.

Vanquished Creatures (others)
  An orc wizard (D)
1 creature vanquished.

Grand Total: 18 creatures vanquished

Notes
Turn   | Place    | Note
-------+----------+-------------------------------------------
     0 | D        | PLAYERX the Minotaur Monk began the quest for the Orb.
     0 | D        | Reached XP level 1. HP: 19/19 MP: 0/0
    17 | D        | Noticed a howler monkey
    17 | D        | Noticed a phantom
    17 | D        | Noticed a hound
    24 | D        | Reached XP level 2. HP: 16/28 MP: 1/1
    26 | D        | Reached XP level 3. HP: 38/38 MP: 2/2
    29 | D        | Killed a phantom
    30 | D        | Reached XP level 4. HP: 49/49 MP: 3/3
    37 | D        | Reached XP level 5. HP: 57/57 MP: 4/4
    44 | D        | Found a snail-covered altar of Cheibriados.
    44 | D        | Found a shadowy altar of Dithmenos.
    44 | D        | Found a white marble altar of Elyvilon.
    44 | D        | Found a blossoming altar of Fedhas.
    44 | D        | Found an opulent altar of Gozag.
    45 | D        | Found a hazy altar of Hepliaklqana.
    46 | D        | Found a viscous altar of Jiyva.
    47 | D        | Found an ancient bone altar of Kikubaaqudgha.
    48 | D        | Found a corrupted altar of Lugonu.
    49 | D        | Found a burning altar of Makhleb.
    50 | D        | Found a sparkling altar of Nemelex Xobeh.
    51 | D        | Found an iron altar of Okawaru.
    52 | D        | Found a stormy altar of Qazlal.
    53 | D        | Found a sacrificial altar of Ru.
    54 | D        | Found a shimmering blue altar of Sif Muna.
    55 | D        | Found a bloodstained altar of Trog.
    56 | D        | Found a hide-covered altar of Uskayaw.
    57 | D        | Found a radiant altar of Vehumet.
    58 | D        | Found an ornate altar of the Wu Jian Council.
    59 | D        | Found a shimmering altar of Xom.
    60 | D        | Found a basalt altar of Yredelemnul.
    61 | D        | Found a glowing silver altar of Zin.
    62 | D        | Found a glowing golden altar of the Shining One.
   109 | D        | Became a worshipper of Warmaster Okawaru
   109 | D        | Reached * piety under Okawaru
   109 | D        | Reached ** piety under Okawaru
   161 | D        | Noticed an acid dragon
   161 | D        | Noticed a centaur
   161 | D        | Noticed a komodo dragon
   161 | D        | Noticed a yak
   164 | D        | Killed a yak
   165 | D        | Reached XP level 6. HP: 67/68 MP: 5/5
   169 | D        | Killed a komodo dragon
   169 | D        | Reached *** piety under Okawaru
   170 | D        | Reached XP level 7. HP: 57/78 MP: 6/6
   297 | D        | Noticed a centaur warrior
   297 | D        | Noticed a centaur warrior
   297 | D        | Noticed a cyclops
   297 | D        | Noticed a two-headed ogre
   297 | D        | Noticed a centaur warrior
   301 | D        | Killed a centaur warrior
   301 | D        | Reached **** piety under Okawaru
   302 | D        | Reached skill level 15 in Fighting
   302 | D        | Reached skill level 15 in Long Blades
   302 | D        | Reached XP level 8. HP: 42/91 MP: 7/7
   306 | D        | Demolished by a two-headed ogre

Illustrated notes

Levels and vault maps discovered:
D:        linesprint [early_d, line_temple, items_1, d_10, items_2, lair_1,
          lair_end, items_3, orc_1, orc_end, items_4, d_15, swamp_1, shoals_1,
          snake_1, spider_1, d_20, vaults_1, items_5, swamp_end, shoals_end,
          snake_end, spider_end, vaults_end, d_27, items_6, zot_1, zot_end,
          crypt_end, forest_end, elf_end, slime_end, tomb_end, abyss_end,
          pan_hell_end]

Skill      XL: |  1  2  3  4  5  6  7 |
---------------+----------------------+-----
Fighting       | 4 6 8 9 11 12 15 | 15.9
Long Blades    | 4 6 8 9 11 12 15 | 15.9
Dodging        | 4 |  4.1
Stealth        | |  1.6

Action                     |  1- 3 |  4- 6 |  7- 9 || total
---------------------------+-------+-------+-------++-------
  Melee: Falchion          |    16 |     7 |       ||    23
         Headbutt          |     5 |     1 |     4 ||    10
         Scimitar          |       |     6 |    13 ||    19
         Punch             |       |       |     2 ||     2
 Invoke: Heroism           |       |       |     1 ||     1
  Evoke: Wand              |       |       |     1 ||     1
    Use: Potion            |     2 |     2 |       ||     4
 Armour: Robe              |     1 |     2 |       ||     3
         Plate armour      |       |     2 |     4 ||     6
  Dodge: Dodged            |    16 |     4 |     8 ||    28

Table legend: (Time is in decaauts)
 A = Elapsed time spent in this place.
 B = Non-inter-level travel time spent in this place.
 C = Inter-level travel time spent in this place.
 D = Time resting spent in this place.
 E = Time spent auto-exploring this place.
 F = Levels seen in this place.
 G = Mean time per level.
                   A        B        C        D        E       F      G
               +--------+--------+--------+--------+--------+-----+--------+
         Total |    314 |    314 |      0 |    114 |      0 |   1 |  314.0 |
       Dungeon |    314 |    314 |      0 |    114 |      0 |   1 |  314.0 |
               +--------+--------+--------+--------+--------+-----+--------+

Top non-repeatable levels by time:
       D: 314 daAuts
